 Dungeon Crawl Stone Soup version 0.17-a0-1497-g03599f7 (webtiles) character file.

56 urechis the Sneak (level 3, 5/16 HPs)
             Began as a Spriggan Enchanter on July 6, 2015.
             Quit the game on level 2 of the Dungeon.
             The game lasted 00:03:24 (977 turns).

urechis the Sneak (Spriggan Enchanter)               Turns: 977, Time: 00:03:24

Health: 5/16       AC:  3    Str:  5    XL:     3   Next: 71%
Magic:  8/8        EV: 18    Int: 16    God:
Gold:   76         SH:  0    Dex: 16    Spells: 1 memorised, 6 levels left

rFire  . . .     SeeInvis +     a - +1 dagger
rCold  . . .     Clarity  .     b - +1 robe
rNeg   . . .     SustAt   .     (shield restricted)
rPois  .         Gourm    .     (helmet restricted)
rElec  .         Spirit   .     (no cloak)
rCorr  .         Warding  .     (gloves unavailable)
rMut   .         Stasis   .     (boots unavailable)
MR     .....                    (no amulet)
Stlth  ++++......               (no ring)
                                (no ring)

@: lethally poisoned (5 -> -2), very quick, not resistant to hostile
enchantments, stealthy
A: unfitting armour, see invisible, herbivore 3, speed 3, slow metabolism 2
a: no special abilities


You were on level 2 of the Dungeon.
You were not hungry.

You visited 1 branch of the dungeon, and saw 2 of its levels.

You collected 76 gold pieces.

Inventory:

Hand weapons
 a - a +1 dagger (weapon)
Armour
 b - a +1 robe (worn)
Scrolls
 g - 2 scrolls of magic mapping {unknown}
 i - a scroll of identify {unknown}
 k - a scroll of noise {unknown}
 o - a scroll of teleportation {unknown}
 p - a scroll of recharging {unknown}
Potions
 e - a potion of flight {unknown}
 f - a potion of agility {unknown}
 h - 2 potions of might {unknown}
 j - 2 potions of ambrosia {unknown}
 m - 2 potions of cancellation {unknown}
 n - a potion of haste {unknown}
Books
 c - a book of Maledictions

   Spells                             Type                      Level
   a - Corona                         Hexes                        1
   b - Ensorcelled Hibernation        Hexes/Ice                    2
   c - Confuse                        Hexes                        3
   d - Tukima's Dance                 Hexes                        3
   e - Dazzling Spray                 Conjuration/Hexes            3
Comestibles
 d - 2 bread rations
 l - 4 fruits


   Skills:
 - Level 1.1 Short Blades
 - Level 3.0 Dodging
 + Level 7.2 Stealth
 - Level 2.6 Spellcasting
 - Level 3.6 Hexes


You had 6 spell levels left.
You knew the following spells:

 Your Spells              Type           Power        Failure   Level  Hunger
a - Corona                Hex            ##.....      6%          1    #......


Dungeon Overview and Level Annotations

Branches:
Dungeon (2/15)

Altars:
Ru


Innate Abilities, Weirdness & Mutations

You are tiny and cannot use many weapons and most armour.
You have supernaturally acute eyesight.
You are a herbivore.
You cover ground extremely quickly.
You need consume almost no food.


Message History

The adder bites you.
You are lethally poisoned!
The adder poisons you!
You closely miss the adder.
The adder is moderately wounded.
You feel sick. The adder closely misses you.
You hit the adder.
The adder is heavily wounded.
The adder barely misses you.
You hit the adder.
The adder is almost dead.
You feel sick. The adder misses you. The adder completely misses you.
You barely miss the adder.
The adder is almost dead.
The adder misses you.
You hit the adder.
You kill the adder!
Your Stealth skill increases to level 7!
There is a lethal amount of poison in your body!
Are you sure you want to abandon this character and quit the game? (Confirm with "yes".)

............#
.....######.#
.......)....##
.............#
....)......†.#####
######.......#...####
#####..............#
##...#..............#
.....'..........@...+
##...#.......#.#....#
#...#.......#.#....#
#...#########.##.###
#...# #.# .# #...#
#.# .# ....# #.. .#
#.#### ## ..


There were no monsters in sight!

Vanquished Creatures
  2 adders (D:2)
  An ooze (D:1)
  3 goblins (D:1)
  7 hobgoblins
  6 bats
  2 giant cockroaches
  2 giant newts (D:1)
  6 kobolds
  2 rats (D:1)
31 creatures vanquished.

Notes
Turn   | Place    | Note
--------------------------------------------------------------
     0 | D:1      | urechis the Spriggan Enchanter began the quest for the Orb.
     0 | D:1      | Reached XP level 1. HP: 9/9 MP: 5/5
    51 | D:1      | Reached skill level 5 in Stealth
   248 | D:1      | Reached XP level 2. HP: 10/13 MP: 6/6
   399 | D:1      | Reached skill level 6 in Stealth
   796 | D:1      | Reached XP level 3. HP: 16/16 MP: 8/8
   907 | D:2      | Found a sacrificial altar of Ru.
   976 | D:2      | Reached skill level 7 in Stealth
   977 | D:2      | Quit the game

Vault maps used:
D:1:      shiori_arrival_maze
D:2:      kennysheep_big_flooded_room, lemuel_crystal_altar, first_bread

Action                   || total
-------------------------++-------
Melee: Dagger            ||   127
 Stab: Sleeping          ||     8
